 Dungeon Crawl Stone Soup version 0.19-a0-644-gd04d753 (webtiles) character file.

49 George the Slasher (level 3, -1/27 HPs)
             Began as a Demonspawn Gladiator on June 14, 2016.
             Slain by an ogre
             ... wielding a +0 giant club
              (23 damage)
             ... on level 3 of the Dungeon.
             The game lasted 00:01:40 (1550 turns).

George the Slasher (Demonspawn Gladiator)           Turns: 1550, Time: 00:01:40

Health: -1/27      AC:  9    Str: 20    XL:     3   Next: 53%
Magic:  0/3        EV: 12    Int:  9    God:
Gold:   70         SH:  0    Dex: 13    Spells: 0 memorised, 2 levels left

rFire  . . .     SeeInvis .     a - +0 long sword
rCold  . . .     Gourm    .     j - +0 ring mail
rNeg   . . .     Faith    .     (no shield)
rPois  .         Spirit   +     c - +0 helmet
rElec  .         Dismiss  .     (no cloak)
rCorr  .         Reflect  .     v - +1 pair of gloves
SustAt .         Harm     .     (no boots)
MR     .....                    (no amulet)
Stlth  +.........               (no ring)
                                i - +4 ring of strength

@: not resistant to hostile enchantments, very unstealthy
A: molten scales 1, magic shield
a: no special abilities


You were on level 3 of the Dungeon.
You were very hungry.

You visited 1 branch of the dungeon, and saw 3 of its levels.

You collected 70 gold pieces.

Inventory:

Hand Weapons
 a - a +0 long sword (weapon)
Missiles
 d - 3 throwing nets (quivered)
Armour
 c - a +0 helmet (worn)
 j - a +0 ring mail (worn)
 v - a +1 pair of gloves (worn)
Jewellery
 i - a +4 ring of strength (left hand)
 r - an uncursed ring of protection from fire {unknown}
Scrolls
 g - a scroll of fog {unknown}
 h - a scroll of identify {unknown}
 k - 2 scrolls of remove curse {unknown}
 l - a scroll of fear {unknown}
 p - 2 scrolls of immolation {unknown}
 q - a scroll of recharging {unknown}
 u - a scroll of teleportation {unknown}
 w - 2 scrolls of amnesia {unknown}
Potions
 m - a potion of heal wounds {unknown}
 n - a potion of curing {unknown}
 s - a potion of might {unknown}
Comestibles
 f - 3 bread rations
 t - a fruit


   Skills:
 - Level 2.0 Fighting
 + Level 4.1 Long Blades
 - Level 1.7 Throwing
 - Level 2.6 Dodging


You had 2 spell levels left.
You didn't know any spells.

Dungeon Overview and Level Annotations

Branches:
Dungeon (3/15)

Altars:


Innate Abilities, Weirdness & Mutations

You are partially covered in molten scales. (AC +1)
When hurt, damage is shared between your health and your magic reserves.


Message History

You slash the kobold!
You kill the kobold!
You hit the ogre but do no damage. The ogre closely misses you.
You slash the ogre!
The ogre is moderately wounded.
The ogre hits you with a giant club.
You hit the ogre.
The ogre is heavily wounded.
The ogre barely misses you.
You hit the ogre.
The ogre is heavily wounded.
The ogre barely misses you.
Your ring mail prevents you from hitting the ogre.
The ogre is heavily wounded.
The ogre closely misses you.
You barely miss the ogre.
The ogre is heavily wounded.
The ogre hits you with a giant club!!
Ouch! That really hurt!
You die...

#####..........
...............
................
.................
.................<
..................
.........$O.!.....
..........@.......
..................
..................
..................
.......<..........
#+#...>....?......
............##....
............# ....
............# ...


You could see an ogre.

Vanquished Creatures
  2 adders (D:2)
  An ooze (D:2)
  A giant gecko (D:2)
  6 bats
  2 giant cockroaches
  2 goblins (D:1)
  3 hobgoblins
  4 kobolds
  4 giant newts (D:1)
  3 rats
28 creatures vanquished.

Notes
Turn   | Place    | Note
--------------------------------------------------------------
     0 | D:1      | George the Demonspawn Gladiator began the quest for the Orb.
     0 | D:1      | Reached XP level 1. HP: 16/16 MP: 1/1
    92 | D:1      | Reached skill level 3 in Long Blades
   342 | D:1      | Gained mutation: You are partially covered in molten scales. (AC +1) [demonic ancestry]
   342 | D:1      | Reached XP level 2. HP: 19/22 MP: 2/2
   806 | D:2      | Gained mutation: When hurt, damage is shared between your health and your magic reserves. [demonic ancestry]
   806 | D:2      | Reached XP level 3. HP: 12/27 MP: 3/3
   814 | D:2      | Reached skill level 4 in Long Blades
  1541 | D:3      | Noticed an ogre
  1550 | D:3      | Slain by an ogre

Vault maps used:
D:1:      mrwooster_arrival_statue_2

Skill      XL: |  1  2  3 |
---------------+----------+-----
Long Blades    | 3 4 |  4.1
Fighting       | |  2.0
Throwing       | |  1.7
Dodging        | |  2.6

Action                   || total
-------------------------++-------
Melee: Long sword        ||    97
  Eat: Chunk             ||     1
Armor: Ring mail         ||    33
       Leather armour    ||     2
Dodge: Dodged            ||    75
